 Dungeon Crawl Stone Soup version 0.31-a0-667-g39726597b9 (webtiles) character file.

Game seed: 2790129541034991012

13474 Supercliff the Fighter (level 11, 0/99 HPs)
             Began as a Minotaur Berserker on Aug 29, 2023.
             Was a High Priest of Trog.
             Slain by an orc
             ... wielding a +0 hand axe
             ... led by Saint Roka
              (4 damage)
             ... on level 2 of the Orcish Mines on Sept 4, 2023.
             The game lasted 00:34:47 (10605 turns).

Supercliff the Fighter (Minotaur Berserker)        Turns: 10605, Time: 00:34:48

Health: 0/99       AC: 15    Str: 22    XL:     11   Next: 76%
Magic:  10/10      EV: 12    Int:  3    God:    Trog [*****.]
Gold:   813        SH:  0    Dex: 17    Spells: 10/10 levels left

rFire   + . .        u - +3 war axe (spect)
rCold   + . .        (no shield)
rNeg    . . .        m - +2 leather armour {rC+}
rPois   .            (helmet restricted)
rElec   .            L - +2 cloak {Will+}
rCorr   .            O - +1 pair of gloves
SInv    +            y - +2 pair of boots
Will    +....        F - amulet of regeneration
Stlth   +            n - ring of protection from fire
HPRegen 1.16/turn    M - ring of see invisible
MPRegen 0.12/turn

%: no passive effects
@: on berserk cooldown
A: horns 2, retaliatory headbutt, agile 1, frail 1
a: Renounce Religion, Berserk, Trog's Hand, Brothers in Arms


You were on level 2 of the Orcish Mines.
You worshipped Trog.
Trog was extremely pleased with you.
You visited 2 branches of the dungeon, and saw 13 of its levels.

You collected 996 gold pieces.
You spent 183 gold pieces at shops.

Inventory:

Hand Weapons
 u - a +3 spectral war axe (weapon)
 C - a +0 hand axe of flaming
 J - the +9 spear "Cegimogg" {pain, rC+}
   (You found it on level 7 of the Dungeon)

   rC+:       It protects you from cold.
Missiles
 c - 93 stones (quivered)
 w - 13 boomerangs
Armour
 m - a +2 leather armour of cold resistance (worn)
 y - a +2 pair of boots (worn)
 I - a +0 tower shield
 L - a +2 cloak of willpower (worn)
 O - a +1 pair of gloves (worn)
Jewellery
 i - an amulet of reflection
 n - a ring of protection from fire (left hand)
 x - a ring of flight
 F - an amulet of regeneration (around neck)
 M - a ring of see invisible (right hand)
Talismans
 q - a storm talisman
 N - a serpent talisman
Wands
 a - a wand of flame (17)
 b - a wand of mindburst (16)
 l - a wand of iceblast (28)
 p - a wand of acid (4)
 D - a wand of digging (11)
Scrolls
 d - 3 scrolls of teleportation
 e - 2 scrolls of immolation
 g - 3 scrolls of blinking
 h - 5 scrolls of identify
 j - a scroll of enchant weapon
 k - a scroll of fog
 o - 4 scrolls of enchant armour
 r - a scroll of torment {unknown}
 v - a scroll of silence
Potions
 f - 8 potions of curing
 s - a potion of attraction
 A - a potion of berserk rage {unknown}
 B - 2 potions of enlightenment {unknown}
 E - 4 potions of heal wounds {unknown}
 G - a potion of haste
 H - a potion of invisibility
 K - 2 potions of degeneration {unknown}


   Skills:
 * Level 14.0 Fighting
 * Level 13.9 Axes
 + Level 9.7 Armour
 - Level 2.1 Dodging
 + Level 6.0 Evocations


You had 10 spell levels left.
You didn't know any spells.
Your spell library was empty.

Dungeon Overview and Level Annotations

Branches:
Dungeon (11/15)            Temple (0/1) D:5            Lair (0/5) D:11
    Orc (2/2) D:10            Elf (0/3) Orc:2

Altars:
Nemelex Xobeh
Vehumet

Shops:
D:3 **=?(   D:8 *   D:9 :

Annotations:
D:10 3 runed translucent doors, 0gre's ghost, journeyman GnIE
Orc:2 Saint Roka


Innate Abilities, Weirdness & Mutations

You have a pair of horns on your head.
You reflexively headbutt those who attack you in melee.
You are agile. (Dex +4, Str/Int -1)
You are frail. (-10% HP)


Message History

Throw: 94 stones
Press: ? - help, Q - select action, (/) - cycle Shift-Dir - straight line, f - ogre
Aim: an ogre, wielding a +0 giant club (77% to hit)
You throw a stone.
The stone hits the ogre but does no damage.
An orc comes into view. It is wielding a +0 hand axe.
The ogre closely misses you. You furiously retaliate!
You headbutt the ogre!
Items here: $ )) [[.
You hit the ogre.
The ogre is severely wounded.
Your +3 spectral war axe hits the ogre.
You barely miss the ogre. You headbutt the ogre.
The ogre is almost dead.
Your +3 spectral war axe hits the ogre!
You kill the ogre!
Trog accepts your kill.
The orc completely misses your +3 spectral war axe.
Your Fighting skill increases to level 14!
You swap places.
Saint Roka the Messiah comes into view.
They are wielding a +4 long sword of holy wrath and wearing a +2 plate armour of fire resistance.
Found 15 gold pieces.
Your +3 spectral war axe disappears.
Saint Roka shouts!
You hear a shout! x2
An orc comes into view. It is wielding a +0 flail.
The orc closely misses you.
Saint Roka calls down the wrath of Beogh upon you.
Beogh smites you!
* * * LOW HITPOINT WARNING * * *
You see here a +0 giant club.
You hit the orc. You headbutt the orc.
You kill the orc!
Trog accepts your kill.
An orc warrior comes into view. It is wielding a +0 dire flail.
Saint Roka calls down the wrath of Beogh upon you.
Beogh smites you!
* * * LOW HITPOINT WARNING * * *
You hear a shout! x2
Items here: $ )) [[.
The orc attacks as it pursues you! The orc hits you with a +0 hand axe.
You die...

##.oo...#..##...#....
###.#......$..#...#...# .
#..$.........#.........
..#.#...........#.....#))
...$.............#.......
.....<.).................
.......)# ...........#.#.
.......o##.##.......####.
......))@.##.........###.
......†...)#....#.....##.
.........)).)).......###.
.........)))))...........
...##.....)))†#..........
..# ##..#.##.####........
.. #######... ###......
.... ##...#. .$...$
##...#


You could see an orc.

Vanquished Creatures
  Azrael (Orc:2)
  Erica (D:8)
  2 two-headed ogres (D:11)
  Pikel (D:7)
  An orc knight (Orc:2)
  A manticore (D:11)
  Joseph (D:7)
  Maurice (D:8)
  Jeremiah (D:8)
  A kobold demonologist (D:11)
  An unseen horror (D:11)
  A komodo dragon (D:11)
  3 trolls
  2 wraiths
  2 shadows (D:11)
  5 yaks
  A wyvern (D:9)
  3 fire elementals (Orc:2)
  Grum (D:8)
  4 vampire mosquitoes (D:11)
  A warg (Orc:1)
  Menkaure (D:4)
  An acid dragon (D:10)
  A hell hound (Orc:2)
  10 orc warriors
  A black bear (D:4)
  3 ice beasts
  6 ogres
  2 wolves (D:8)
  4 centaurs
  2 kobold brigands
  3 bullfrogs
  3 scorpions
  A gnoll sergeant (D:9)
  5 howler monkeys
  A vampire bat (Orc:2)
  3 hounds
  2 jellies
  8 orc priests
  2 gnoll boudas
  5 iguanas
  3 sleepcaps
  Ijyb (D:3)
  11 orc wizards
  12 gnolls
  5 adders
  2 white imps (D:7)
  An ufetubus (D:6)
  4 worms
  A dart slug (D:3)
  70 orcs
  7 ball pythons
  3 endoplasms
  5 giant cockroaches
  8 hobgoblins
  6 jackals (D:4)
  6 quokkas
  10 bats
  5 frilled lizards
  10 goblins
  15 kobolds
  3 rats
287 creatures vanquished.

Vanquished Creatures (others)
  An orc (D:4)
  A bat (Orc:2)
  A goblin (D:4)
  A spectral weapon (Orc:2)
4 creatures vanquished.

Grand Total: 291 creatures vanquished

Notes
Turn   | Place    | Note
-------+----------+-------------------------------------------
     0 | D:1      | Supercliff the Minotaur Berserker began the quest for the
                  | Orb.
     0 | D:1      | Reached XP level 1. HP: 19/19 MP: 0/0
   170 | D:1      | Found a faded altar of an unknown god.
   239 | D:1      | Reached XP level 2. HP: 19/27 MP: 1/1
   291 | D:1      | Reached skill level 4 in Fighting
   852 | D:2      | Reached XP level 3. HP: 31/33 MP: 2/2
  1102 | D:2      | Reached ** piety under Trog
  1403 | D:3      | Noticed Ijyb
  1418 | D:3      | Killed Ijyb
  1565 | D:3      | Reached XP level 4. HP: 36/41 MP: 3/3
  1606 | D:3      | Found Kocyanai's Jewellery Shop.
  1721 | D:3      | Found Cuvaaneple's Weapon Emporium.
  1803 | D:3      | Found Piz Por's General Store.
  1838 | D:4      | Reached skill level 5 in Fighting
  1838 | D:4      | Reached skill level 5 in Axes
  1907 | D:4      | Noticed an ogre
  1914 | D:4      | Killed an ogre
  1915 | D:4      | Reached XP level 5. HP: 48/48 MP: 4/4
  2027 | D:4      | Reached XP level 6. HP: 23/57 MP: 5/5
  2188 | D:4      | Noticed Menkaure
  2196 | D:4      | Killed Menkaure
  2197 | D:4      | Reached skill level 6 in Fighting
  2517 | D:4      | Reached XP level 7. HP: 27/64 MP: 6/6
  2781 | D:4      | Reached skill level 7 in Fighting
  2792 | D:4      | Reached *** piety under Trog
  3110 | D:5      | Entered Level 5 of the Dungeon
  3160 | D:5      | Reached skill level 5 in Armour
  3315 | D:3      | Bought a +2 heavy war axe for 183 gold pieces
  3457 | D:3      | Found Reizoz's Magic Scroll Boutique.
  3460 | D:3      | Upgraded the game from 0.31-a0-640-g39d97e502b to
                  | 0.31-a0-654-gbe3e110b4e
  3560 | D:3      | Found Othrypab's General Store.
  3917 | D:5      | Found a staircase to the Ecumenical Temple.
  4116 | D:5      | Reached XP level 8. HP: 74/74 MP: 7/7
  4174 | D:5      | Reached skill level 8 in Fighting
  4799 | D:6      | Reached skill level 1 in Evocations
  4833 | D:6      | Reached **** piety under Trog
  5691 | D:7      | Noticed Pikel
  5694 | D:7      | Killed Pikel
  5695 | D:7      | Reached skill level 9 in Fighting
  5700 | D:7      | Reached XP level 9. HP: 64/84 MP: 8/8
  5820 | D:7      | Identified the +9 spear "Cegimogg" {pain, rC+}
  5824 | D:7      | Upgraded the game from 0.31-a0-654-gbe3e110b4e to
                  | 0.31-a0-667-g39726597b9
  5925 | D:7      | Found a sparkling altar of Nemelex Xobeh.
  6396 | D:7      | Reached skill level 10 in Fighting
  6781 | D:7      | Reached skill level 10 in Axes
  6932 | D:7      | Noticed Joseph
  6946 | D:7      | Killed Joseph
  7125 | D:8      | Found the +5 Force Lance {heavy, knockback}
  7560 | D:8      | Found Biatesm's Gadget Gallery.
  7701 | D:8      | Noticed Erica
  7708 | D:8      | Killed Erica
  7709 | D:8      | Reached skill level 11 in Fighting
  7709 | D:8      | Reached XP level 10. HP: 95/95 MP: 9/9
  7797 | D:8      | Noticed Maurice
  7807 | D:8      | Killed Maurice
  7872 | D:8      | Noticed Jeremiah
  7895 | D:8      | Killed Jeremiah
  8047 | D:8      | Noticed Grum
  8051 | D:8      | Found a radiant altar of Vehumet.
  8060 | D:8      | Killed Grum
  8566 | D:9      | Found Salum's Self-Published Books.
  8784 | D:9      | Reached skill level 12 in Fighting
  8944 | D:10     | Entered Level 10 of the Dungeon
  9501 | D:10     | Found a runed translucent gate.
  9501 | D:10     | Found a runed translucent gate.
  9501 | D:10     | Found a runed translucent gate.
  9503 | D:10     | Noticed 0gre's ghost (journeyman GnIE)
  9508 | D:10     | Found a staircase to the Orcish Mines.
  9703 | D:11     | Noticed a two-headed ogre
  9708 | D:11     | Killed a two-headed ogre
  9709 | D:11     | Reached skill level 5 in Evocations
  9803 | D:11     | Reached XP level 11. HP: 90/105 MP: 10/10
  9858 | D:11     | Noticed a two-headed ogre
  9864 | D:11     | Killed a two-headed ogre
  9874 | D:11     | Reached skill level 13 in Fighting
  9980 | D:11     | Found a staircase to the Lair.
  9995 | D:11     | Reached ***** piety under Trog
 10247 | Orc:1    | Entered Level 1 of the Orcish Mines
 10416 | Orc:1    | Noticed an orc high priest
 10433 | Orc:1    | Noticed an orc warlord
 10434 | Orc:1    | Noticed a stone giant
 10469 | Orc:2    | Entered Level 2 of the Orcish Mines
 10475 | Orc:2    | Found a staircase to the Elven Halls.
 10532 | Orc:2    | Noticed an orc knight
 10536 | Orc:2    | Gained mutation: You are agile. (Dex +4, Str/Int -1)
                  | [potion of mutation]
 10536 | Orc:2    | Gained mutation: You are frail. (-10% HP) [potion of
                  | mutation]
 10549 | Orc:2    | Killed an orc knight
 10586 | Orc:2    | Noticed Azrael
 10595 | Orc:2    | Killed Azrael
 10602 | Orc:2    | Reached skill level 14 in Fighting
 10602 | Orc:2    | Noticed Saint Roka
 10604 | Orc:2    | HP: 3/99 [Saint Roka/divine providence (14)]
 10605 | Orc:2    | Slain by an orc

Illustrated notes

Levels and vault maps discovered:
D:1:      lightli_arrival_isolated_outpost, layout_loops_ring,
          nicolae_ecumenical_snake_handling
D:2:      layout_loops_ring
D:3:      layout_basic, serial_shops, shop, nicolae_shop_rolled_up,
          nicolae_shop_rolling_square, nicolae_shop_stone,
          nicolae_shop_pleasant_corner_grove, uniq_ijyb
D:4:      corexii_shack_village, layout_loops_cross, uniq_menkaure
D:5:      layout_gridville, minmay_temple_entry_statues,
          hangedman_abyss_or_decor_jellyfish_corner
D:6:      layout_layer_cave
D:7:      layout_basic, nicolae_overflow_hidden_temple, uniq_joseph, uniq_pikel
D:8:      layout_layer_cave, vehumet_altar_wand_db, nicolae_shop_gadgets,
          uniq_grum, uniq_erica, uniq_maurice, uniq_jeremiah
D:9:      minmay_general_purpose_star, layout_rooms, nicolae_custom_books
D:10:     layout_irregular_city, orc_0_dummy, gammafunk_ghost_nasty_kobolds,
          nicolae_titane
D:11:     layout_roguey, lair_entry_dummy
Orc:1:    gammafunk_beogh_shrine, layout_caves, serial_shops,
          nicolae_square_shop, bloody_makhleb
Orc:2:    st_orc_elflike, layout_diamond_mine, roderic_batcave, uniq_saint_roka,
          uniq_azrael

Skill      XL: |  1  2  3  4  5  6  7  8  9 10 11 |
---------------+----------------------------------+-----
Fighting       | 4 5 6 7 9 11 12 14 | 14.0
Axes           | 4 5 6 7 9 11 12 13 | 13.9
Armour         | 3 4 5 6 7 8 9 |  9.7
Evocations     | 2 3 5 6 |  6.0
Dodging        | |  2.1

Action                     |  1- 3 |  4- 6 |  7- 9 | 10-12 || total
---------------------------+-------+-------+-------+-------++-------
  Melee: Hand axe          |    98 |    78 |    66 |       ||   242
         Headbutt          |    15 |     7 |    28 |    38 ||    88
         Punch             |     1 |     1 |     1 |     1 ||     4
         War axe           |       |       |   144 |   169 ||   313
  Throw: Stone             |     3 |     7 |    13 |    10 ||    33
 Invoke: Berserk           |     1 |     2 |     4 |     4 ||    11
  Evoke: Wand              |       |       |       |     3 ||     3
    Use: Potion            |       |     1 |     1 |     4 ||     6
         Scroll            |       |       |       |    12 ||    12
   Stab: Sleeping          |     1 |       |       |       ||     1
         Invisible         |       |       |     2 |       ||     2
         Distracted        |       |       |       |     4 ||     4
 Armour: Animal skin       |    15 |       |       |       ||    15
         Leather armour    |       |    23 |   130 |   154 ||   307
  Dodge: Dodged            |    61 |    45 |   154 |   130 ||   390

Table legend: (Time is in decaauts)
 A = Elapsed time spent in this place.
 B = Non-inter-level travel time spent in this place.
 C = Inter-level travel time spent in this place.
 D = Time resting spent in this place.
 E = Time spent auto-exploring this place.
 F = Levels seen in this place.
 G = Mean time per level.
                   A        B        C        D        E       F      G
               +--------+--------+--------+--------+--------+-----+--------+
         Total |  10797 |  10367 |    430 |   1555 |   7183 |  13 |  830.5 |
       Dungeon |  10435 |  10009 |    426 |   1512 |   6999 |  11 |  948.6 |
  Orcish Mines |    361 |    358 |      3 |     43 |    184 |   2 |  180.5 |
               +--------+--------+--------+--------+--------+-----+--------+

Top non-repeatable levels by time:
     D:7: 1536 daAuts
     D:4: 1346 daAuts
     D:8: 1320 daAuts
     D:5: 1119 daAuts
     D:6: 1102 daAuts
    D:10: 800 daAuts
     D:1: 785 daAuts
     D:3: 738 daAuts
     D:2: 631 daAuts
     D:9: 536 daAuts
    D:11: 518 daAuts
   Orc:1: 218 daAuts
   Orc:2: 143 daAuts
